PAA
MERCER ISLAND SCREAMING EAGLES @ NORTHVILLE ECLIPSE
09/05/2026
 
TOP OF THE 1ST
Mercer Island Screaming Eagles batting - Pitching for Northville Eclipse : LHP Xavier Padilla
Pitching: LHP Xavier Padilla
Batting: RHB Steve Irwin 0-0: Ball
1-0: Ball
2-0: Ball
3-0: Called Strike
3-1: Base on Balls
Batting: RHB Luis Jiménez 0-0: Swinging Strike
0-1: Ball
Steve Irwin is caught stealing 2nd base
1-1: Called Strike
1-2: Strikes out swinging
Batting: RHB Leonardo Ramírez 0-0: Ball
1-0: Ball
2-0: Called Strike
2-1: Foul Ball, location: 2F
2-2: Ball
3-2: Foul Ball, location: 2F
3-2: DOUBLE (Line Drive, 89D)
Batting: SHB Stephen Dowell 0-0: Foul Ball, location: 2F
0-1: Foul Ball, location: 2F
0-2: Ball
1-2: Ball
2-2: Foul Ball, location: 2F
2-2: Foul Ball, location: 2F
2-2: Fly out, F8 (Line Drive, 8LM)
Top of the 1st over - 0 run(s), 1 hit(s), 0 error(s), 1 left on base; Mercer Island 0 - Northville 0
BOTTOM OF THE 1ST
Northville Eclipse batting - Pitching for Mercer Island Screaming Eagles : LHP Leoncio Ulibarri
Pitching: LHP Leoncio Ulibarri
Batting: RHB Alfonso Grappasonni 0-0: Ball
1-0: Ground out U3 (Groundball, 3)
Batting: RHB Dave Shaw 0-0: Ground out 5-3 (Groundball, 56)
Batting: RHB José Sánchez 0-0: Ball
1-0: SINGLE (Groundball, 34D)
Batting: RHB Luis Hernández 0-0: Called Strike
0-1: Ball
1-1: Fielders Choice at 2nd, 4-6 (Groundball, 4)
Bottom of the 1st over - 0 run(s), 1 hit(s), 0 error(s), 0 left on base; Mercer Island 0 - Northville 0
TOP OF THE 2ND
Mercer Island Screaming Eagles batting - Pitching for Northville Eclipse : LHP Xavier Padilla
Batting: RHB Marcos Reyes 0-0: Called Strike
0-1: Ball
1-1: Foul Ball, location: 2F
1-2: Ball
2-2: Foul Ball, location: 2F
2-2: Strikes out looking
Batting: RHB Wade Killefer 0-0: Ball
1-0: Called Strike
1-1: Ball
2-1: Ball
3-1: Foul Ball, location: 2F
3-2: Foul Ball, location: 2F
3-2: Foul Ball, location: 2F
3-2: Strikes out swinging
Batting: RHB Robert Paulsen 0-0: Called Strike
0-1: Ball
1-1: Ball
2-1: Called Strike
2-2: Foul Ball, location: 2F
2-2: Foul Ball, location: 2F
2-2: DOUBLE (Line Drive, 9LM)
Batting: RHB Ron Gérard 0-0: Ball
1-0: Ball
Wild Pitch!
Robert Paulsen to third
2-0: Ball
3-0: Called Strike
3-1: Foul Ball, location: 2F
3-2: Base on Balls
Batting: LHB Mike Russell 0-0: SINGLE (Groundball, 4) (infield hit)
Robert Paulsen scores
Ron Gérard to second
Batting: RHB Steve Irwin 0-0: Called Strike
0-1: Swinging Strike
0-2: Strikes out swinging
Top of the 2nd over - 1 run(s), 2 hit(s), 0 error(s), 2 left on base; Mercer Island 1 - Northville 0
BOTTOM OF THE 2ND
Northville Eclipse batting - Pitching for Mercer Island Screaming Eagles : LHP Leoncio Ulibarri
Batting: RHB Cosmo Bjorkenheim 0-0: Ball
1-0: Ball
2-0: Foul Ball, location: 2F
2-1: Called Strike
2-2: Foul Ball, location: 2F
2-2: SINGLE (Line Drive, 8RS)
Batting: RHB Ghislain Vespucci 0-0: Called Strike
0-1: Ball
1-1: Ball
2-1: Grounds into double play, 6-4-3 (Groundball, 56)
Batting: RHB Alfonso López 0-0: Ball
1-0: SINGLE (Flyball, 7LS)
Batting: RHB Marcos Rivera 0-0: Ball
1-0: Called Strike
Alfonso López steals 2nd base
1-1: Foul Ball, location: 2F
1-2: Ground out 3-1 (Groundball, 34S)
Bottom of the 2nd over - 0 run(s), 2 hit(s), 0 error(s), 1 left on base; Mercer Island 1 - Northville 0
TOP OF THE 3RD
Mercer Island Screaming Eagles batting - Pitching for Northville Eclipse : LHP Xavier Padilla
Batting: RHB Luis Jiménez 0-0: Foul Ball, location: 2F
0-1: Ball
1-1: Ground out 5-3 (Groundball, 56)
Batting: RHB Leonardo Ramírez 0-0: SINGLE (Line Drive, 4D)
Batting: SHB Stephen Dowell 0-0: Swinging Strike
0-1: Ball
1-1: Ball
2-1: Foul Ball, location: 2F
2-2: Foul Ball, location: 2F
2-2: Foul Ball, location: 2F
2-2: Strikes out swinging
Batting: RHB Marcos Reyes 0-0: Ground out 5-3 (Groundball, 56S)
Top of the 3rd over - 0 run(s), 1 hit(s), 0 error(s), 1 left on base; Mercer Island 1 - Northville 0
BOTTOM OF THE 3RD
Northville Eclipse batting - Pitching for Mercer Island Screaming Eagles : LHP Leoncio Ulibarri
Batting: RHB Dan Hart 0-0: SINGLE (Groundball, 34D)
Batting: RHB Alfonso Grappasonni 0-0: Ball
1-0: TRIPLE (Flyball, 8LS)
Dan Hart scores
Batting: RHB Dave Shaw 0-0: Called Strike
0-1: Swinging Strike
0-2: Ball
1-2: Ball
2-2: Strikes out swinging
Batting: RHB José Sánchez 0-0: Ground out 5-3 (Groundball, 5S)
Batting: RHB Luis Hernández 0-0: Called Strike
0-1: Foul Ball, location: 2F
0-2: Ball
1-2: Foul Ball, location: 2F
1-2: Ball
2-2: Strikes out swinging
Bottom of the 3rd over - 1 run(s), 2 hit(s), 0 error(s), 1 left on base; Mercer Island 1 - Northville 1
TOP OF THE 4TH
Mercer Island Screaming Eagles batting - Pitching for Northville Eclipse : LHP Xavier Padilla
Batting: RHB Wade Killefer 0-0: Foul Ball, location: 2F
0-1: Ball
1-1: Fly out, F8 (Flyball, 8LM)
Batting: RHB Robert Paulsen 0-0: Called Strike
0-1: Foul Ball, location: 2F
0-2: Ball
1-2: Foul Ball, location: 2F
1-2: SINGLE (Groundball, 34) (infield hit)
Batting: RHB Ron Gérard 0-0: Ball
1-0: Ball
2-0: Foul Ball, location: 2F
2-1: Foul Ball, location: 2F
2-2: Fly out, F8 (Flyball, 8RD)
Batting: LHB Mike Russell 0-0: Ball
1-0: Ball
2-0: Called Strike
2-1: Swinging Strike
2-2: Strikes out swinging
Top of the 4th over - 0 run(s), 1 hit(s), 0 error(s), 1 left on base; Mercer Island 1 - Northville 1
BOTTOM OF THE 4TH
Northville Eclipse batting - Pitching for Mercer Island Screaming Eagles : LHP Leoncio Ulibarri
Batting: RHB Cosmo Bjorkenheim 0-0: Ball
1-0: DOUBLE (Line Drive, 8LD)
Batting: RHB Ghislain Vespucci 0-0: 2-RUN HOME RUN (Flyball, 7D), Distance : 401 ft
Batting: RHB Alfonso López 0-0: Called Strike
0-1: Foul Ball, location: 2F
0-2: Ball
1-2: Ball
2-2: Strikes out swinging
Batting: RHB Marcos Rivera 0-0: Called Strike
0-1: Ground out 6-3 (Groundball, 6)
Batting: RHB Dan Hart 0-0: Ball
1-0: Foul Ball, location: 2F
1-1: Ball
2-1: Fly out, F4 (Line Drive, 4D)
Bottom of the 4th over - 2 run(s), 2 hit(s), 0 error(s), 0 left on base; Mercer Island 1 - Northville 3
TOP OF THE 5TH
Mercer Island Screaming Eagles batting - Pitching for Northville Eclipse : LHP Xavier Padilla
Batting: RHB Steve Irwin 0-0: Ball
1-0: Called Strike
1-1: Ball
2-1: Swinging Strike
2-2: Foul Ball, location: 2F
2-2: Ground out 6-3 (Groundball, 6)
Batting: RHB Luis Jiménez 0-0: Foul Ball, location: 2F
0-1: SINGLE (Line Drive, 89M)
Batting: RHB Leonardo Ramírez 0-0: Ball
1-0: Called Strike
1-1: Ball
2-1: Fly out, F4 (Popup, 34)
Batting: SHB Stephen Dowell 0-0: Ball
1-0: Ball
2-0: Called Strike
2-1: Ball
3-1: Base on Balls
Luis Jiménez to second
Batting: RHB Marcos Reyes 0-0: Called Strike
0-1: Foul Ball, location: 2F
0-2: Ball
1-2: SINGLE (Groundball, 56D)
Luis Jiménez to third
Stephen Dowell to second
Runner from 3rd tries for Home, SAFE, no throw
Pitching: RHP Manuel Delgado
Batting: RHB Wade Killefer 0-0: Ball
1-0: Called Strike
1-1: Ball
2-1: Ball
3-1: Foul Ball, location: 2F
3-2: Foul Ball, location: 2F
3-2: Foul Ball, location: 2F
3-2: Base on Balls
Stephen Dowell to third
Marcos Reyes to second
Batting: RHB Robert Paulsen 0-0: Ball
1-0: Ball
2-0: Called Strike
2-1: Ball
3-1: Called Strike
3-2: Foul Ball, location: 2F
3-2: Foul Ball, location: 2F
3-2: Base on Balls
Stephen Dowell scores
Marcos Reyes to third
Wade Killefer to second
Batting: RHB Ron Gérard 0-0: Ball
1-0: Ball
2-0: Fly out, F7 (Line Drive, 7)
Top of the 5th over - 2 run(s), 2 hit(s), 0 error(s), 3 left on base; Mercer Island 3 - Northville 3
BOTTOM OF THE 5TH
Northville Eclipse batting - Pitching for Mercer Island Screaming Eagles : LHP Leoncio Ulibarri
Batting: RHB Alfonso Grappasonni 0-0: Ball
1-0: Ball
2-0: SINGLE (Groundball, 3D)
Batting: RHB Dave Shaw 0-0: Sac Bunt - play at first, batter OUT! 5-3
Alfonso Grappasonni to second
Batting: RHB José Sánchez 0-0: DOUBLE (Line Drive, 9LM)
Alfonso Grappasonni scores
Batting: RHB Luis Hernández 0-0: Ball
1-0: SINGLE (Groundball, 6MD)
José Sánchez to third
Runner from 3rd tries for Home, SAFE, throw made home
Pitching: RHP Greg Davis
Batting: RHB Cosmo Bjorkenheim 0-0: Called Strike
0-1: Ball
Wild Pitch!
Luis Hernández to second
1-1: Called Strike
1-2: Strikes out swinging
Batting: RHB Ghislain Vespucci 0-0: Intentional Walk
Batting: RHB Alfonso López 0-0: Ball
1-0: Called Strike
1-1: Ball
2-1: Ball
3-1: Base on Balls
Luis Hernández to third
Ghislain Vespucci to second
Batting: RHB Marcos Rivera 0-0: Foul Ball, location: 2F
0-1: Ball
1-1: Foul Ball, location: 2F
1-2: Ball
2-2: Foul Ball, location: 2F
2-2: Fly out, F9 (Line Drive, 9S)
Bottom of the 5th over - 2 run(s), 3 hit(s), 0 error(s), 3 left on base; Mercer Island 3 - Northville 5
TOP OF THE 6TH
Mercer Island Screaming Eagles batting - Pitching for Northville Eclipse : RHP Manuel Delgado
Batting: LHB Mike Russell 0-0: Called Strike
0-1: DOUBLE (Line Drive, 78M)
Batting: RHB Steve Irwin 0-0: Called Strike
0-1: Ball
1-1: Fly out, F9 (Flyball, 89S)
Batting: RHB Luis Jiménez 0-0: Ball
1-0: Called Strike
1-1: Ball
2-1: Ball
3-1: Called Strike
3-2: Strikes out swinging
Batting: RHB Leonardo Ramírez 0-0: Foul Ball, location: 2F
0-1: Foul Ball, location: 2F
0-2: Strikes out swinging
Top of the 6th over - 0 run(s), 1 hit(s), 0 error(s), 1 left on base; Mercer Island 3 - Northville 5
BOTTOM OF THE 6TH
Northville Eclipse batting - Pitching for Mercer Island Screaming Eagles : RHP Greg Davis
Batting: RHB Dan Hart 0-0: Called Strike
0-1: Fly out, F8 (Line Drive, 8RM)
Batting: RHB Alfonso Grappasonni 0-0: Ball
1-0: Called Strike
1-1: Swinging Strike
1-2: Ball
2-2: Foul Ball, location: 2F
2-2: Foul Ball, location: 2F
2-2: Foul Ball, location: 2F
2-2: Foul Ball, location: 2F
2-2: Ball
3-2: Fly out, F9 (Line Drive, 89S)
Batting: RHB Dave Shaw 0-0: Ball
1-0: Ball
2-0: Called Strike
2-1: Foul Ball, location: 2F
2-2: Foul Ball, location: 2F
2-2: Ground out 5-3 (Groundball, 5)
Bottom of the 6th over - 0 run(s), 0 hit(s), 0 error(s), 0 left on base; Mercer Island 3 - Northville 5
TOP OF THE 7TH
Mercer Island Screaming Eagles batting - Pitching for Northville Eclipse : RHP Manuel Delgado
Batting: SHB Stephen Dowell 0-0: Swinging Strike
0-1: Swinging Strike
0-2: Ground out 1-3 (Groundball, 13S)
Batting: RHB Marcos Reyes 0-0: Ground out 5-3 (Groundball, 56S)
Batting: RHB Wade Killefer 0-0: SINGLE (Groundball, 56D)
Batting: RHB Robert Paulsen 0-0: SINGLE (Groundball, 6D)
Wade Killefer to second
Pinch Hitting: RHB Gerjan de Best 0-0: Called Strike
0-1: Foul Ball, location: 2F
0-2: Ball
1-2: Foul Ball, location: 2F
1-2: 3-RUN HOME RUN (Flyball, 7D), Distance : 414 ft
Batting: LHB Mike Russell 0-0: Ball
1-0: SOLO HOME RUN (Flyball, 9LD), Distance : 343 ft
Pitching: RHP Zane Reed
Batting: RHB Steve Irwin 0-0: Swinging Strike
0-1: Ball
1-1: Ball
2-1: Ball
3-1: Called Strike
3-2: Fly out, F5 (Line Drive, 56)
Top of the 7th over - 4 run(s), 4 hit(s), 0 error(s), 0 left on base; Mercer Island 7 - Northville 5
BOTTOM OF THE 7TH
Northville Eclipse batting - Pitching for Mercer Island Screaming Eagles : RHP Greg Davis
Now in LF: Jim Unknown
Batting: RHB José Sánchez 0-0: Called Strike
0-1: Foul Ball, location: 2F
0-2: Ball
1-2: Strikes out swinging
Batting: RHB Luis Hernández 0-0: Ground out 6-3 (Groundball, 6)
Batting: RHB Cosmo Bjorkenheim 0-0: Called Strike
0-1: Swinging Strike
0-2: Ball
1-2: Foul Ball, location: 2F
1-2: Ball
2-2: Ground out 6-3 (Groundball, 6)
Bottom of the 7th over - 0 run(s), 0 hit(s), 0 error(s), 0 left on base; Mercer Island 7 - Northville 5
TOP OF THE 8TH
Mercer Island Screaming Eagles batting - Pitching for Northville Eclipse : RHP Zane Reed
Batting: RHB Luis Jiménez 0-0: Ball
1-0: SINGLE (Line Drive, 56D)
Batting: RHB Leonardo Ramírez 0-0: Called Strike
Luis Jiménez steals 2nd base
0-1: Foul Ball, location: 2F
0-2: Ball
1-2: Fly out, F8 (Flyball, 8LD)
Runner from 2nd tags up, SAFE at 3rd, no throw
Batting: SHB Stephen Dowell 0-0: Intentional Walk
Batting: RHB Marcos Reyes 0-0: Called Strike
0-1: Ball
1-1: Ball
2-1: Ground out 5-3 (Groundball, 56S)
Stephen Dowell to second
Batting: RHB Wade Killefer 0-0: Ball
1-0: Ball
2-0: DOUBLE (Line Drive, 78D)
Luis Jiménez scores
Stephen Dowell scores
Batting: RHB Robert Paulsen 0-0: Swinging Strike
0-1: Ball
1-1: Ball
2-1: Foul Ball, location: 2F
2-2: Ball
3-2: Foul Ball, location: 2F
3-2: SINGLE (Groundball, 34S) (infield hit)
Wade Killefer to third
Batting: LHB Jim Unknown 0-0: Ball
1-0: Fielders Choice at 2nd, 6-4 (Groundball, 6)
Top of the 8th over - 2 run(s), 3 hit(s), 0 error(s), 1 left on base; Mercer Island 9 - Northville 5
BOTTOM OF THE 8TH
Northville Eclipse batting - Pitching for Mercer Island Screaming Eagles : RHP Greg Davis
Pitching: RHP Pedro Álvarez
Batting: RHB Ghislain Vespucci 0-0: Ball
1-0: Called Strike
1-1: Foul Ball, location: 2F
1-2: Fly out, F7 (Line Drive, 7LM)
Batting: RHB Alfonso López 0-0: Swinging Strike
0-1: Ball
1-1: Swinging Strike
1-2: Strikes out swinging
Batting: RHB Marcos Rivera 0-0: Ball
1-0: Ball
2-0: Foul Ball, location: 2F
2-1: Swinging Strike
2-2: SINGLE (Line Drive, 78S)
Batting: RHB Dan Hart 0-0: Called Strike
0-1: Ball
1-1: Ground out 6-3 (Groundball, 6M)
Bottom of the 8th over - 0 run(s), 1 hit(s), 0 error(s), 1 left on base; Mercer Island 9 - Northville 5
TOP OF THE 9TH
Mercer Island Screaming Eagles batting - Pitching for Northville Eclipse : RHP Zane Reed
Batting: LHB Mike Russell 0-0: SOLO HOME RUN (Flyball, 9D), Distance : 389 ft
Pitching: RHP Roelof van den Hoek
Batting: RHB Steve Irwin 0-0: Called Strike
0-1: Foul Ball, location: 2F
0-2: Strikes out looking
Batting: RHB Luis Jiménez 0-0: Ball
1-0: Ground out 6-3 (Groundball, 6)
Batting: RHB Leonardo Ramírez 0-0: Ball
1-0: Called Strike
1-1: Foul Ball, location: 2F
1-2: Fly out, F4 (Popup, 4MS)
Top of the 9th over - 1 run(s), 1 hit(s), 0 error(s), 0 left on base; Mercer Island 10 - Northville 5
BOTTOM OF THE 9TH
Northville Eclipse batting - Pitching for Mercer Island Screaming Eagles : RHP Pedro Álvarez
Batting: RHB Alfonso Grappasonni 0-0: Foul Ball, location: 2F
0-1: Called Strike
0-2: Strikes out swinging
Batting: RHB Dave Shaw 0-0: Fly out, F8 (Line Drive, 8RM)
Batting: RHB José Sánchez 0-0: Called Strike
0-1: Ball
1-1: Called Strike
1-2: Strikes out looking
Bottom of the 9th over - 0 run(s), 0 hit(s), 0 error(s), 0 left on base; Mercer Island 10 - Northville 5
Monday, March 20th, 2017 - OOTP Baseball 17.12 Build 75